AoeStats
← Kiritastrich

MegaRandom

503629814Analyzed
1v1 RM · 1mo ago on Sep 1, 2026· 21m 36s· 2 players
Game mode
Random Map
Map size
Tiny (2 player)
Population
200
Speed
Normal
Resources
Standard
Victory
Conquest
Starting age
Dark Age
Ending age
Imperial Age
RankedLock teamsTeams togetherTeam positionsShared explorationLock speedFull tech treeHidden civsTurbo modeCheats
Victory
Defeat
🇦🇷 Celts · Argentina
1839
+18
🇷🇺 Goths · Russia
1873
-18
PipeTeGana
9:11 Loom
11:13 Feudal Age
14:54 Castle Age
12:43 Double-Bit Axe
15:55 Bow Saw
17:48 Wheelbarrow
17:45 Scale Mail Armor
19:52 Chain Mail Armor
21:41 Horse Collar
Kiritastrich
4:36 Loom
11:20 Feudal Age
12:49 Double-Bit Axe
15:20 Castle Age
16:27 Bow Saw
18:22 Squires
Connection lost

Rejoining the realm…

Still unreachable

The connection could not be restored.

Session expired

The server has moved on; the page needs a fresh start.